 Dungeon Crawl Stone Soup version 0.21-a0-504-g2eda330 (webtiles) character file.

27 Gorice the Firebug (level 2, -2/23 HPs)
             Began as a Demonspawn Wanderer on Nov 25, 2017.
             Slain by a goblin (4 damage)
             ... on level 2 of the Dungeon.
             The game lasted 00:03:33 (1140 turns).

Gorice the Firebug (Demonspawn Wanderer)            Turns: 1140, Time: 00:03:34

Health: -2/23      AC:  3    Str: 14    XL:     2   Next: 93%
Magic:  2/2        EV: 11    Int: 11    God:
Gold:   51         SH:  0    Dex: 12    Spells: 1/1 levels left

rFire    . . .     SeeInvis .   e - +0 club
rCold    . . .     Gourm    .   (no shield)
rNeg     . . .     Faith    .   d - +0 robe
rPois    .         Spirit   .   (helmet restricted)
rElec    .         Reflect  .   (no cloak)
rCorr    .         Harm     .   (no gloves)
MR       .....                  k - +0 pair of boots
Stlth    ++........             (no amulet)
HPRegen  0.07/turn              (no ring)
MPRegen  0.08/turn              (no ring)

@: no status effects
A: horns 1
a: no special abilities


You were on level 2 of the Dungeon.
You were not hungry.

You visited 1 branch of the dungeon, and saw 2 of its levels.

You collected 51 gold pieces.

Inventory:

Hand Weapons
 e - a +0 club (weapon)
 l - a +0 short sword
 n - a +0 whip
 o - a +4 short sword
Missiles
 g - 58 sling bullets
 Y - 4 stones (quivered)
Armour
 d - a +0 robe (worn)
 k - a +0 pair of boots (worn)
Scrolls
 h - a scroll of magic mapping {unknown}
 i - a scroll of remove curse {unknown}
 j - a scroll of enchant armour {unknown}
Potions
 c - a potion of lignification {!q}
Books
 a - a book of Conjurations
 b - Fuwkot's Papyrus of Talismans

   Spells                             Type                      Level
   a - Song of Slaying                Charms                       2
   b - Swiftness                      Charms/Air                   2
Comestibles
 f - a bread ration {!e}
 m - 2 chunks of flesh


   Skills:
 + Level 2.6 Fighting
 - Level 1.0 Stealth
   Level 1.0 Shields
   Level 1.0 Conjurations
   Level 1.7 Translocations
   Level 4.5 Fire Magic


You had one spell level left.
You didn't know any spells.

Dungeon Overview and Level Annotations

Branches:
Dungeon (2/15)

Altars:


Innate Abilities, Weirdness & Mutations

You have a pair of small horns on your head.


Message History

* * * LOW HITPOINT WARNING * * *
The quokka closely misses you.
Damage: 2 (max 4)
You hit the quokka.
The quokka is almost dead.
The quokka completely misses you.
You hit the quokka.
You kill the quokka!
The goblin shouts!
Things that are here:
23 arrows; a quokka corpse A hobgoblin comes into view.
The hobgoblin shouts!
Found a stone staircase leading down.
The quokka bites you.
* * * LOW HITPOINT WARNING * * *
Things that are here:
23 arrows; a quokka corpse; Damage: 1 (max 1)
You see here a stone.
You see here a stone.
The quokka barely misses you.
You see here a club.
You hit the quokka.
The quokka is severely wounded.
The quokka closely misses you.
The quokka bites you but does no damage.
You miss the quokka.
The quokka is severely wounded.
The quokka barely misses you.
You hit the quokka but do no damage.
The quokka is severely wounded.
The quokka barely misses you.
A goblin opens the door.
The quokka misses you.
You hit the quokka.
You kill the quokka!
The goblin hits you but does no damage. The hobgoblin hits you.
* * * LOW HITPOINT WARNING * * *
The goblin closely misses you.
Damage: 3 (max 3)
You closely miss the hobgoblin. The hobgoblin closely misses you.
The goblin hits you.
* * * LOW HITPOINT WARNING * * *
The hobgoblin hits you.
* * * LOW HITPOINT WARNING * * *
Damage: 7 (max 7) Unknown command.
The goblin barely misses you.
You see here a club.
The goblin hits you.
You die...

#......'..#
#......#.## #
########.##8##8##
#.'.......
###.##8##8##
#...#########
#.##......#.#
#.##†.###.#.# #######
##@.###.# #..##'#.
##g.#8.8 #..!...
#g.##.# +.....
##..##.## ...g #≈
##.+##8.8 .<.#
#.#####....##.# #..#
#.......#..##'#####..#
#.#......#.g)...(((..#
#.##.#.#....#.#.##.#


You could see a hobgoblin and a goblin.

Vanquished Creatures
  A leopard gecko (D:1)
  A ball python (D:1)
  3 bats
  A giant cockroach (D:1)
  4 hobgoblins
  2 quokkas (D:2)
  3 frilled lizards
  7 kobolds
  3 rats (D:1)
25 creatures vanquished.

Notes
Turn   | Place    | Note
-------+----------+-------------------------------------------
     0 | D:1      | Gorice the Demonspawn Wanderer began the quest for the Orb.
     0 | D:1      | Gorice set off with: a book of Conjurations, Fuwkot's Papyrus of Talismans, a potion of lignification {!q}, a +0 robe, a +0 club, a bread ration {!e}
     0 | D:1      | Reached XP level 1. HP: 13/13 MP: 1/1
     0 | D:1      | Identified Fuwkot's Papyrus of Talismans
   121 | D:1      | Reached skill level 1 in Fighting
   441 | D:1      | Gained mutation: You have a pair of small horns on your head. [demonic ancestry]
   441 | D:1      | Reached XP level 2. HP: 22/22 MP: 2/2
   527 | D:1      | HP: 6/22 [hobgoblin (5)]
   532 | D:1      | Reached skill level 2 in Fighting
   986 | D:1      | You fall through a shaft!
  1131 | D:2      | HP: 4/23 [goblin (4)]
  1131 | D:2      | HP: 1/23 [hobgoblin (3)]
  1140 | D:2      | Slain by a goblin

Vault maps used:
D:1:      lemuel_arrival_room
D:2:      amethyst_overflow_temple_binary, marbit_many_paths, serial_curves,
          eino_curves_01, eino_curves_04, dk_noncrumbling_2

Skill      XL: |  1  2 |
---------------+-------+-----
Fighting       | 1 2 |  2.6
Stealth        | |  1.0
Shields        | |  1.0
Conjurations   | |  1.0
Translocations | |  1.7
Fire Magic     | |  4.5

Action                   || total
-------------------------++-------
Melee: Club              ||    79
       Headbutt          ||    10
Throw: Stone             ||     5
  Eat: Chunk             ||     1
Armor: Robe              ||    18
Dodge: Dodged            ||    61

Table legend:
 A = Spawn XP
 B = Non-spawn XP
 C = Spawn XP percentage of total XP
 D = Spawn monster count
 E = Non-spawn monster count
 F = Spawn count percentage of total count
 G = Total turns spent on level
                    A         B        C        D         E        F      G
               +---------+---------+-------+---------+---------+-------+---------
         Total |       0 |      39 |   0.0 |       0 |      25 |   0.0 |  1140
               +---------+---------+-------+---------+---------+-------+---------
           D:1 |       0 |      28 |   0.0 |       0 |      18 |   0.0 |   986
           D:2 |       0 |      11 |   0.0 |       0 |       7 |   0.0 |   154
               +---------+---------+-------+---------+---------+-------+---------

Table legend:
 A = Turns spent in this place as a percentage of turns spent in the entire game.
 B = Non-inter-level travel turns spent in this place as a percentage of non-inter-level travel turns spent in the entire game.
 C = Inter-level travel turns spent in this place as a percentage of turns spent in this place.
 D = Turns resting spent in this place as a percentage of non-inter-level travel turns spent in this place.
 E = Turns spent auto-exploring this place as a percentage of non-inter-level travel turns spent in this place.
 F = Non-inter-level travel turns spent in this place divided by the number of levels of this place that you've seen.
                   A       B       C       D       E      F
               +-------+-------+-------+-------+-------+----------------------
         Total | 100.0 | 100.0 |   0.0 |  37.5 |  25.4 | 570.0
       Dungeon | 100.0 | 100.0 |   0.0 |  37.5 |  25.4 | 570.0
               +-------+-------+-------+-------+-------+----------------------

Vault maps used:
D:1:      lemuel_arrival_room
D:2:      amethyst_overflow_temple_binary, marbit_many_paths, serial_curves,
          eino_curves_01, eino_curves_04, dk_noncrumbling_2
